AoeStats
← GuLy San (10)

Arabia

507362797Analyzed
1v1 RM · 16d ago on Sep 17, 2026· 32m 2s· 2 players
Game mode
Random Map
Map size
Tiny (2 player)
Population
200
Speed
Normal
Resources
Standard
Victory
Conquest
Starting age
Dark Age
Ending age
Imperial Age
RankedLock teamsTeams togetherTeam positionsShared explorationLock speedFull tech treeHidden civsTurbo modeCheats
Victory
Defeat
🇦🇷 Maya · Argentina
850
+17
🇦🇷 Maya · Argentina
879
-17
GuLy San (10)
0:25 Loom
11:03 Feudal Age
14:54 Gold Mining
15:53 Double-Bit Axe
16:22 Fletching
17:08 Horse Collar
22:23 Castle Age
22:46 Man-at-Arms
23:30 Squires
24:00 Bow Saw
23:51 Bodkin Arrow
23:58 Padded Archer Armor
23:27 Crossbowman
25:07 Elite Skirmisher
26:03 Forging
28:12 Thumb Ring
27:30 Long Swordsman
31:26 Iron Casting
31:07 Leather Archer Armor
31:30 Eagle Warrior
mparabere
0:35 Loom
9:39 Feudal Age
11:17 Double-Bit Axe
14:40 Horse Collar
15:59 Gold Mining
19:37 Castle Age
19:08 Forging
21:21 Wheelbarrow
21:34 Iron Casting
21:00 Scale Mail Armor
20:24 Eagle Warrior
22:26 Crossbowman
23:18 Heavy Plow
24:06 Bow Saw
24:25 Squires
24:47 Chain Mail Armor
25:18 Fletching
26:15 Bodkin Arrow
29:16 Thumb Ring
31:58 Stone Mining
Connection lost

Rejoining the realm…

Still unreachable

The connection could not be restored.

Session expired

The server has moved on; the page needs a fresh start.